 Dungeon Crawl Stone Soup version 0.29-a0-876-gfc89b1a5bd (webtiles) character file.

Game seed: 1739286120997205028

4602 jimonade the Covert (level 10, 0/59 HPs)
             Began as a Kobold Brigand on July 19, 2022.
             Was a Follower of Uskayaw.
             Slain by an orc
             ... wielding a +0 dagger
              (2 damage)
             ... in a bailey.
             The game lasted 00:31:25 (11947 turns).

jimonade the Covert (Kobold Brigand)               Turns: 11947, Time: 00:31:26

Health: 0/59       AC:  7    Str:  8    XL:     10   Next: 69%
Magic:  8/16       EV: 22    Int: 13    God:    Uskayaw [*.....]
Gold:   528        SH:  0    Dex: 21    Spells: 17/17 levels left

rFire   . . .      SeeInvis .   U - +4 dagger (speed)
rCold   + . .      Faith    .   (no shield)
rNeg    . . .      Spirit   .   n - +2 leather armour {rC+}
rPois   +          Reflect  .   M - +1 hat
rElec   .          Harm     .   c - +0 cloak
rCorr   .          Rampage  .   (no gloves)
Will    .....                   (no boots)
Stlth   +++++++...              (no amulet)
HPRegen 0.19/turn               D - +4 ring of evasion
MPRegen 0.15/turn               T - ring of poison resistance

@: no status effects
A: small, no large weapons, nightstalker 3
a: Renounce Religion, Stomp


You were in a bailey.
You worshipped Uskayaw.
Uskayaw was noncommittal.
You visited 2 branches of the dungeon, and saw 9 of its levels.
You also visited: Bailey.

You collected 528 gold pieces.

Inventory:

Hand Weapons
 a - a +2 dagger
 f - a +0 rapier
 m - a +3 quarterstaff
 t - a +0 sling
 I - a +1 dagger of speed
 L - a +0 shortbow
 Q - the +7 spear of Pasot {vorpal, Fragile +Blink rCorr}
   (You took it off an orc on level 5 of the Dungeon)

   It inflicts extra damage upon your enemies.
   +Blink:    It lets you blink.
   rCorr:     It protects you from acid and corrosion.
   Fragile:   It will be destroyed if unequipped.
 R - a +0 falchion of freezing
 U - a +4 dagger of speed (weapon)
 Z - the +9 hand axe of the Eternal Void {vorpal, Str+2}
   (You found it on level 8 of the Dungeon)

   It inflicts extra damage upon your enemies.
   Str:       It affects your strength (+2).
Missiles
 d - 10 poisoned darts (quivered)
 e - 7 curare-tipped darts
 u - 44 stones
 G - 15 boomerangs
 H - 4 silver boomerangs
Armour
 c - a +0 cloak (worn)
 n - a +2 leather armour of cold resistance (worn)
 F - a +2 scale mail of cold resistance
 M - a +1 hat (worn)
 N - a +0 helmet
 S - a +0 chain mail
Jewellery
 h - a ring of flight
 D - a +4 ring of evasion (left hand)
 T - a ring of poison resistance (right hand)
 W - a ring of wizardry
 X - a +4 ring of protection
Wands
 b - a wand of flame (18)
 Y - a wand of digging (6)
Scrolls
 j - 3 scrolls of identify {unknown}
 l - 4 scrolls of noise {unknown}
 q - 3 scrolls of enchant weapon {unknown}
 s - 3 scrolls of amnesia {unknown}
 v - a scroll of enchant armour {unknown}
 x - a scroll of fog {unknown}
 y - 2 scrolls of summoning {unknown}
 A - a scroll of silence {unknown}
 B - 6 scrolls of teleportation {unknown}
 C - a scroll of magic mapping {unknown}
 E - a scroll of poison {unknown}
 J - a scroll of brand weapon {unknown}
 O - 2 scrolls of vulnerability {unknown}
 P - 2 scrolls of immolation {unknown}
Potions
 g - 4 potions of curing
 i - a potion of attraction {unknown}
 k - a potion of lignification
 o - 2 potions of might {unknown}
 p - a potion of magic {unknown}
 r - 3 potions of flight {unknown}
 w - 2 potions of haste
 z - a potion of degeneration {unknown}
 K - a potion of resistance {unknown}
 V - 2 potions of heal wounds {unknown}


   Skills:
 + Level 5.0 Fighting
 + Level 8.7 Short Blades
 - Level 2.1 Throwing
 + Level 3.6 Armour
 + Level 6.4 Dodging
 + Level 13.5 Stealth
 * Level 4.0 Spellcasting
 * Level 4.5 Invocations


You had 17 spell levels left.
You didn't know any spells.
Your spell library contained the following spells:

 Spells                   Type           Power      Damage    Failure   Level
 Magic Dart               Conj           8%         1d3       28%         1
 Searing Ray              Conj           4%         2d4       41%         2
 Fulminant Prism          Conj/Hex       1%         3d6       96%         4
 Iskenderun's Mystic Bla  Conj/Tloc      2%         2d3       96%         4
 Leda's Liquefaction      Hex/Erth       1%         N/A       96%         4
 Summon Ice Beast         Ice/Summ       2%         N/A       96%         4
 Lee's Rapid Deconstruct  Erth           1%         3d5*      100%        5
 Summon Mana Viper        Hex/Summ       2%         N/A       100%        5
 Dispersal                Tloc           1%         N/A       100%        6
 Statue Form              Tmut/Erth      1%         N/A       100%        6
 Malign Gateway           Summ/Tloc      1%         N/A       100%        7
 Monstrous Menagerie      Summ           1%         N/A       100%        7


Dungeon Overview and Level Annotations

Branches:
Dungeon (8/15)             Temple (1/1) D:5          Bailey (1/1)
   Lair: D:8-11

Altars:
Ashenzari
Cheibriados
Dithmenos
Elyvilon
Fedhas
Hepliaklqana
Kikubaaqudgha
Makhleb
Nemelex Xobeh
Okawaru
Qazlal
Ru
Trog
Uskayaw
Vehumet
Wu Jian
Xom
Yredelemnul
The Shining One

Shops:
D:2 ?

Annotations:
D:5 exclusions: orc and orc wizard


Innate Abilities, Weirdness & Mutations

You are small and have problems with some larger weapons.
You are completely attuned to the shadows.


Message History

An orc is nearby!
Items here: )))) [[ ÷.
You are too injured to fight recklessly!
You are too injured to fight recklessly!
You are too injured to fight recklessly!
You are too injured to fight recklessly!
The orc shouts!
You hear a shout! x4
An orc wizard comes into view. It is wielding a +0 dagger.
The orc misses you.
An orc comes into view.
It is wielding a +2 quarterstaff of draining.
Items here: ))) [ †.
You are too injured to fight recklessly!
You are too injured to fight recklessly!
You are too injured to fight recklessly!
You are too injured to fight recklessly!
You hit the orc but do no damage. The orc completely misses you.
An orc comes into view. It is wielding a +0 dagger.
You hit the orc but do no damage. You hit the orc but do no damage.
You hit the orc.
The orc is moderately wounded.
The orc completely misses you.
The orc wizard casts a spell.
The orc wizard flickers and vanishes!
Deactivating autopickup; reactivate with Ctrl-A.
You completely miss the orc.
The orc is moderately wounded.
An orc priest comes into view. It is wielding a +0 hand axe.
The orc misses you.
Items here: ))))) [[[[ †.
The orc priest calls down the wrath of Beogh upon you.
Beogh smites you!
* * * LOW HITPOINT WARNING * * *
The orc drinks a potion.
The orc seems to speed up.
The orc misses you.
You hear a shout!
Things that are here:
a +0 dagger; a +0 leather armour The orc completely misses you.
The orc priest closely misses you. The orc hits you with a +0 dagger.
You die...

♣♣♣ ### ♣♣♣♣.♣♣
###.#'#
♣.))))♣♣♣###.....###
♣.).))).##...).....##
♣♣.))).))#...........#
♣.......)'....).)....#
♣...∩.@o)'..)..).....#
♣♣..)..o.'.)...))....#
♣.))).o)#......).)..#
♣♣.))o))##...))))..###
♣))))..♣###...))###.#
♣.)))♣♣♣ ###.#)#....
♣♣♣♣♣♣ ###)...o.
#..o.... #.......


You could see an orc priest and 3 orcs.

Vanquished Creatures
  An ugly thing (D:7)
  A troll (D:5)
  A yak (D:5)
  An ice beast (D:7)
  2 sky beasts (D:6)
  7 orc warriors (Bailey)
  A black bear (D:5)
  3 ogres
  A centaur (D:5)
  A bullfrog (D:8)
  3 necrophages
  A gnoll sergeant (D:6)
  3 scorpions
  5 killer bees (D:7)
  A howler monkey (D:5)
  3 jellies
  5 hounds
  A gnoll bouda (D:5)
  12 orc priests
  5 iguanas
  16 orc wizards
  23 gnolls
  11 adders
  3 shadow imps
  2 white imps
  2 ufetubi (D:5)
  2 worms
  5 dart slugs
  69 orcs
  11 ball pythons
  2 bats
  5 endoplasms
  4 giant cockroaches
  20 goblins
  16 hobgoblins
  5 jackals
  7 quokkas
  2 frilled lizards
  8 kobolds
  6 rats
277 creatures vanquished.

Vanquished Creatures (others)
  10 fungi (D:6)
10 creatures vanquished.

Grand Total: 287 creatures vanquished

Notes
Turn   | Place    | Note
-------+----------+-------------------------------------------
     0 | D:1      | jimonade the Kobold Brigand began the quest for the Orb.
     0 | D:1      | Reached XP level 1. HP: 12/12 MP: 1/1
   106 | D:1      | Reached XP level 2. HP: 17/17 MP: 2/2
   129 | D:1      | Reached skill level 6 in Stealth
   333 | D:1      | Reached XP level 3. HP: 22/22 MP: 3/3
  1278 | D:2      | Found a shimmering altar of Xom.
  1324 | D:2      | Reached XP level 4. HP: 27/27 MP: 4/4
  1344 | D:2      | Reached skill level 7 in Stealth
  1410 | D:2      | Found a faded altar of an unknown god.
  1491 | D:2      | Found Iduwaq's Magic Scroll Emporium.
  1897 | D:3      | Reached XP level 5. HP: 21/31 MP: 5/5
  2012 | D:3      | Found a stormy altar of Qazlal.
  2158 | D:3      | Found a bloodstained altar of Trog.
  2716 | D:3      | Reached XP level 6. HP: 36/36 MP: 6/6
  2736 | D:3      | Reached skill level 8 in Stealth
  2805 | D:3      | Reached skill level 1 in Armour
  3111 | D:3      | Reached skill level 5 in Short Blades
  3883 | D:4      | Noticed an ogre
  3918 | D:4      | Killed an ogre
  4099 | D:4      | Reached XP level 7. HP: 40/40 MP: 7/7
  4177 | D:4      | Found a sparkling altar of Nemelex Xobeh.
  4252 | D:4      | Found a blossoming altar of Fedhas.
  4301 | D:4      | Got Nuan's Discourse on the Excursion
  4407 | D:4      | Found a white marble altar of Elyvilon.
  4795 | D:5      | Entered Level 5 of the Dungeon
  4889 | D:5      | Reached skill level 9 in Stealth
  5148 | D:5      | Noticed a troll
  5237 | D:5      | Reached XP level 8. HP: 30/46 MP: 8/8
  5791 | D:5      | Noticed a yak
  6132 | D:5      | Found a staircase to the Ecumenical Temple.
  6138 | Temple   | Entered the Ecumenical Temple
  6273 | Temple   | Became a worshipper of Uskayaw the Reveller
  6303 | D:5      | Identified the +7 spear of Pasot {vorpal, Fragile +Blink
                  | rCorr}
  6340 | D:5      | Found an iron altar of Okawaru.
  6406 | D:5      | Reached * piety under Uskayaw
  6417 | D:5      | Reached ** piety under Uskayaw
  6420 | D:5      | Reached skill level 10 in Stealth
  6817 | D:5      | Reached skill level 1 in Spellcasting
  6817 | D:5      | Reached skill level 1 in Invocations
  6859 | D:5      | Found a burning altar of Makhleb.
  6886 | D:5      | Killed a yak
  7364 | D:5      | Killed a troll
  7365 | D:5      | Reached XP level 9. HP: 9/52 MP: 7/12
  8097 | D:5      | Reached skill level 11 in Stealth
  8340 | D:6      | Reached *** piety under Uskayaw
  8496 | D:6      | Reached skill level 5 in Dodging
  9174 | D:7      | Reached **** piety under Uskayaw
  9391 | D:7      | Noticed a brown ugly thing
  9394 | D:7      | Killed a brown ugly thing
  9395 | D:7      | Reached skill level 12 in Stealth
  9395 | D:7      | Reached XP level 10. HP: 58/58 MP: 13/15
 10321 | D:8      | Found a flagged portal.
 10328 | D:8      | Identified the +9 hand axe of the Eternal Void {vorpal,
                  | Str+2}
 10337 | D:8      | Found an ornate altar of the Wu Jian Council.
 10349 | Bailey   | Entered a bailey
 10521 | Bailey   | Reached skill level 13 in Stealth
 11879 | Bailey   | Reached skill level 5 in Fighting
 11945 | Bailey   | HP: 2/59 [orc priest/divine providence (13)]
 11947 | Bailey   | Slain by an orc

Illustrated notes

Levels and vault maps discovered:
D:1:      minmay_arrival_four_houses, layout_loops_corners,
          minmay_misc_feat_five
D:2:      layout_rooms, chequers_ecumenical_altar_simple_redux, serial_shops,
          nicolae_shop_crystal, basic_altar, minmay_octomino_j4
D:3:      minmay_spotlight, layout_basic, jmf_multi_god_temple
D:4:      layout_loops_cross, mainiacjoe_overflow_paths,
          nemelex_xobeh_ov_fountains_minmay, elyvilon_altar_4,
          minmay_misc_feat_hallway, hangedman_decor_peaks_small
D:5:      cheibrodos_fzero, layout_loops_ring, mainiacjoe_overflow_boulevard,
          okawaru_ov_weapons_minmay, minmay_temple_entry_butterflies
D:6:      kennysheep_steamy, layout_basic
D:7:      layout_cave_pods, corexii_checkpoint_b, palyth_stone_intersect
D:8:      nzn_winding_woodlands_stair_cross [nzn_winding_woodlands_5x15_parted,
          nzn_winding_woodlands_center_diamonds,
          nzn_winding_woodlands_5x15_pool,
          nzn_winding_woodlands_5x5_closed_star,
          nzn_winding_woodlands_hourglass,
          nzn_winding_woodlands_5x15_sidewinder,
          nzn_winding_woodlands_center_pierced_h,
          nzn_winding_woodlands_5x15_cabin], layout_cave_pools,
          nzn_wu_jian_contemplation, kennysheep_orc_sif_temple, enter_bailey_2,
          skrybe_limestone_x, uniq_pikel, uniq_grum, uniq_maurice
Temple:   jpeg_temple_clearing
Bailey:   bailey_axe_minmay_hex_keep, bailey

Skill      XL: |  1  2  3  4  5  6  7  8  9 10 |
---------------+-------------------------------+-----
Stealth        | 6 7 8 9 10 12 13 | 13.5
Short Blades   | 3 4 5 6 7 8 |  8.7
Armour         | 1 2 3 |  3.6
Dodging        | 2 4 5 6 |  6.4
Fighting       | 3 4 5 |  5.0
Spellcasting   | 2 3 4 |  4.0
Invocations    | 2 3 4 |  4.5
Throwing       | |  2.1

Action                   |  1- 3 |  4- 6 |  7- 9 | 10-12 || total
-------------------------+-------+-------+-------+-------++-------
Melee: Dagger            |    78 |   219 |   491 |   385 ||  1173
       Punch             |       |     1 |     7 |     4 ||    12
Throw: Dart              |       |     7 |    21 |     3 ||    31
Invok: Stomp             |       |       |     3 |    24 ||    27
  Use: Potion            |       |       |     3 |     4 ||     7
 Stab: Sleeping          |    23 |    13 |    14 |    14 ||    64
       Distracted        |       |     1 |     3 |     2 ||     6
       Paralysed         |       |       |     3 |     2 ||     5
Armor: Robe              |    13 |       |       |       ||    13
       Leather armour    |     7 |    39 |    69 |    24 ||   139
       Skin              |       |       |       |     7 ||     7
Dodge: Dodged            |    30 |   116 |   348 |   203 ||   697

Table legend: (Time is in decaauts)
 A = Elapsed time spent in this place.
 B = Non-inter-level travel time spent in this place.
 C = Inter-level travel time spent in this place.
 D = Time resting spent in this place.
 E = Time spent auto-exploring this place.
 F = Levels seen in this place.
 G = Mean time per level.
                   A        B        C        D        E       F      G
               +--------+--------+--------+--------+--------+-----+--------+
         Total |  11465 |  11196 |    269 |   1782 |   6364 |  10 | 1146.5 |
       Dungeon |   9912 |   9661 |    251 |   1038 |   6211 |   8 | 1239.0 |
        Temple |    149 |    131 |     18 |      0 |    118 |   1 |  149.0 |
        Bailey |   1403 |   1403 |      0 |    743 |     35 |   1 | 1403.0 |
               +--------+--------+--------+--------+--------+-----+--------+

Top non-repeatable levels by time:
     D:5: 2845 daAuts
     D:3: 2013 daAuts
  Bailey: 1403 daAuts
     D:1: 1224 daAuts
     D:7: 1168 daAuts
     D:6: 1126 daAuts
     D:4: 940 daAuts
     D:2: 551 daAuts
  Temple: 149 daAuts
     D:8: 41 daAuts
